 Dungeon Crawl Stone Soup version 0.25-a0-310-g60f0ac2d9a (webtiles) character file.

Game seed: 6581396626625612753, levelgen mode: classic

7478 Borgoz the Fighter (level 11, 0/106 HPs)
             Began as a Gargoyle Gladiator on Dec 23, 2019.
             Was an Initiate of Ashenzari.
             Slain by a two-headed ogre
             ... wielding a +0 giant club
              (18 damage)
             ... on level 9 of the Dungeon.
             The game lasted 00:14:45 (9691 turns).

Borgoz the Fighter (Gargoyle Gladiator)             Turns: 9691, Time: 00:14:46

Health: 0/106      AC: 25    Str: 17    XL:     11   Next: 15%
Magic:  11/11      EV:  2    Int: 10    God:    Ashenzari [......]
Gold:   273        SH:  0    Dex: 14    Spells: 9/10 levels left

rFire    . . .     SeeInvis .   o - +3 falchion
rCold    . . .     Gourm    .   (no shield)
rNeg     + + +     Faith    .   (armour currently unavailable)
rPois    ∞         Spirit   .   (helmet currently unavailable)
rElec    .         Reflect  .   (cloak currently unavailable)
rCorr    .         Harm     +   (gloves currently unavailable)
MR       .....     NoTele   +   (boots currently unavailable)
Stlth    +.........             j - amulet of harm
HPRegen  0.27/turn              (no ring)
MPRegen  0.12/turn              (no ring)

@: tree-form
A: negative energy resistance 1, petrification resistance, rot immunity, AC +8
a: Curse Item, Renounce Religion


You were on level 9 of the Dungeon.
You worshipped Ashenzari.
Ashenzari was noncommittal.
You were not hungry.
You were a tree.
You visited 2 branches of the dungeon, and saw 10 of its levels.
You also visited: Sewer.

You collected 273 gold pieces.

Inventory:

Hand Weapons
 a - a +0 long sword
 o - a +3 falchion (weapon)
Missiles
 d - 4 throwing nets (quivered)
Armour
 c - a +0 helmet (melded)
 r - a +1 cloak (melded)
 s - a +0 plate armour (melded)
 v - the +1 leather armour of the Crushed Dreams {rPois rF+ Dex+4 Stlth+}
   (You took it off an orc on level 5 of the Dungeon)

   It affects your dexterity (+4).
   It protects you from fire.
   It protects you from poison.
   It makes you more stealthy.
 w - a +2 ring mail of fire resistance
Jewellery
 j - an amulet of harm (around neck)
 x - a +3 amulet of reflection
Wands
 k - a wand of iceblast (18)
 t - a wand of paralysis (8)
 B - a wand of enslavement (8)
Scrolls
 h - 3 scrolls of teleportation
 q - 5 scrolls of remove curse
 y - a scroll of blinking {unknown}
 z - a scroll of enchant armour
 D - 4 scrolls of identify
 G - a scroll of magic mapping {unknown}
Potions
 b - 3 potions of degeneration {unknown}
 e - a potion of might {unknown}
 g - 2 potions of brilliance {unknown}
 l - 5 potions of curing
 m - 2 potions of lignification
 n - 2 potions of mutation {unknown}
 p - a potion of flight {unknown}
 u - a potion of agility
 A - a potion of haste {unknown}
 C - a potion of magic {unknown}
 E - a potion of ambrosia {unknown}
Comestibles
 f - 17 rations


   Skills:
 + Level 9.2 Fighting
 * Level 8.5 Long Blades
 - Level 1.7 Throwing
 + Level 8.9 Armour
 * Level 7.8 Dodging


You had 9 spell levels left.
You knew the following spells:

 Your Spells              Type           Power        Failure   Level  Hunger
a - Confusing Touch       Hex            #.....       36%         1    ##.....

Your spell library contained the following spells:

 Spells                   Type           Power        Failure   Level  Hunger
 Animate Skeleton         Necr           N/A          36%         1    ##.....
 Apportation              Tloc           #.....       36%         1    ##.....
 Infusion                 Chrm           #...         36%         1    ##.....
 Summon Small Mammal      Summ           #...         36%         1    ##.....
 Shroud of Golubria       Chrm/Tloc      #.....       50%         2    ###....
 Song of Slaying          Chrm           #.......     50%         2    ###....
 Regeneration             Chrm/Necr      #.........   75%         3    ####...
 Spectral Weapon          Hex/Chrm       #.......     75%         3    ####...


Dungeon Overview and Level Annotations

Branches:
Dungeon (9/15)             Temple (1/1) D:5           Sewer (visited)
   Lair: D:8-11         Orc: D:9-12

Altars:
Ashenzari
Cheibriados
Dithmenos
Elyvilon
Fedhas
Gozag
Hepliaklqana
Kikubaaqudgha
Makhleb
Nemelex Xobeh
Okawaru
Qazlal
Ru
Sif Muna
Trog
Uskayaw
Vehumet
Wu Jian
Xom
Yredelemnul
Zin
The Shining One

Shops:
D:6 [

Annotations:
D:8 exclusions: ice statue and obsidian statue


Innate Abilities, Weirdness & Mutations

You are resistant to torment.
((Your stone body is resilient. (AC +8)))
You are immune to poison.
You resist negative energy. (rN+)
((You are resistant to electric shocks. (rElec)))
((You can survive without breathing.))
You are immune to petrification.
You are immune to rotting.


Message History

The wolf bites you but does no damage.
You hit the wolf.
You kill the wolf!
You slash the hound!
The hound is severely wounded.
The hound bites you.
* * * LOW HITPOINT WARNING * * *
The hound bites you but does no damage.
Unknown command.
You slash the hound!
You kill the hound!
You hit the two-headed ogre.
The two-headed ogre is lightly wounded.
The two-headed ogre hits you with a +0 giant club!
* * * LOW HITPOINT WARNING * * *
The two-headed ogre hits you but does no damage.
You hit the two-headed ogre but do no damage.
The two-headed ogre is lightly wounded.
The two-headed ogre hits you with a +0 giant club!
You die...

≈≈≈≈....######...........
T≈≈≈≈........#.K.........
≈≈≈≈≈........#...........
≈.≈≈≈........#...........
≈.≈≈.........#...........
..≈..........#.....#####.
.......O.§..o#.#####..
.......#.....#K+......
....#..#.....#♣#......
#####..#..<..#O##.....
...#.....oo.# ....
....#....(#..# ### ...
#######..... ........
####..... ..... .....


You could see a two-headed ogre, an orc warrior, a big kobold, an orc wizard and
a kobold (wandering).

Vanquished Creatures
  Harold (D:7)
  A two-headed ogre (D:8)
  Grinder (D:6)
  A hornet (D:9)
  3 hippogriffs
  Sigmund (D:6)
  A vampire (D:9)
  Menkaure (D:5)
  Edmund (D:6)
  4 ice beasts
  An orc warrior (D:7)
  2 phantoms
  A sky beast (D:5)
  An eye of draining (D:9)
  8 ogres
  2 wolves (D:9)
  4 centaurs
  A crocodile (Sewer)
  4 bullfrogs (D:7)
  3 scorpions
  5 killer bees (D:8)
  11 wights
  2 howler monkeys (D:9)
  5 crimson imps
  3 bullfrog zombies
  A quasit (D:9)
  7 hounds
  2 bullfrog skeletons
  A jelly (D:6)
  3 orc wizards
  6 orc priests
  5 iguanas
  5 worker ants
  2 hound skeletons
  3 gnolls
  13 adders
  A howler monkey skeleton (D:7)
  2 river rats (D:5)
  3 shadow imps
  An ooze (D:3)
  An adder skeleton (D:6)
  2 worms (D:3)
  2 dart slugs
  6 leopard geckos
  28 orcs
  2 ball pythons (D:5)
  5 giant cockroaches
  15 goblins
  7 hobgoblins
  17 jackals
  14 kobolds
  3 quokkas
  6 bats
  3 frilled lizards
  A quokka skeleton (D:7)
  8 rats
243 creatures vanquished.

Notes
Turn   | Place    | Note
-------+----------+-------------------------------------------
     0 | D:1      | Borgoz the Gargoyle Gladiator began the quest for the Orb.
     0 | D:1      | Reached XP level 1. HP: 12/12 MP: 1/1
    30 | D:1      | Reached XP level 2. HP: 5/18 MP: 2/2
   324 | D:1      | Reached skill level 1 in Armour
   588 | D:1      | Reached XP level 3. HP: 19/22 MP: 3/3
   995 | D:2      | Reached XP level 4. HP: 27/27 MP: 4/4
  1053 | D:2      | You fall into a shaft and drop 2 floors!
  1059 | D:4      | Reached skill level 3 in Fighting
  1320 | D:3      | Reached XP level 5. HP: 32/32 MP: 5/5
  2203 | D:3      | Reached XP level 6. HP: 38/38 MP: 6/6
  3165 | D:4      | Reached skill level 4 in Fighting
  3450 | D:4      | Noticed a phantom
  3860 | D:5      | Entered Level 5 of the Dungeon
  3862 | D:5      | Noticed an ice beast
  3864 | D:5      | Noticed an ice beast
  3886 | D:5      | Reached XP level 7. HP: 38/44 MP: 7/7
  4015 | D:5      | Noticed Menkaure
  4021 | D:5      | Killed Menkaure
  4021 | D:5      | Reached skill level 5 in Fighting
  4056 | D:5      | Reached XP level 8. HP: 17/49 MP: 8/8
  4167 | D:5      | Reached skill level 5 in Long Blades
  4188 | D:5      | Found a glowing drain.
  4196 | Sewer    | Entered a sewer
  4379 | Sewer    | Reached skill level 5 in Armour
  4462 | D:5      | Identified the +1 leather armour of the Crushed Dreams
                  | {rPois rF+ Dex+4 Stlth+}
  4636 | D:5      | Reached skill level 6 in Fighting
  4636 | D:5      | Reached skill level 5 in Dodging
  4817 | D:5      | Found a staircase to the Ecumenical Temple.
  4992 | Temple   | Entered the Ecumenical Temple
  5035 | Temple   | Became a worshipper of Ashenzari the Shackled
  5315 | D:6      | Noticed Edmund
  5324 | D:6      | Noticed Sigmund
  5551 | D:6      | Killed Edmund
  5562 | D:6      | Reached XP level 9. HP: 25/56 MP: 9/9
  5805 | D:6      | Noticed Grinder
  5823 | D:6      | Killed Grinder
  5964 | D:6      | Killed Sigmund
  6073 | D:6      | Reached skill level 7 in Fighting
  6116 | D:6      | Found Wyapan's Armour Shoppe.
  6365 | D:7      | Learned a level 1 spell: Confusing Touch
  6758 | D:7      | Found an iron altar of Okawaru.
  6843 | D:7      | Reached XP level 10. HP: 40/64 MP: 10/10
  7225 | D:7      | Noticed Harold
  7243 | D:7      | Killed Harold
  7243 | D:7      | Reached skill level 8 in Fighting
  7912 | D:8      | Noticed a two-headed ogre
  7926 | D:8      | Killed a two-headed ogre
  8262 | D:8      | Noticed an ice statue
  8505 | D:8      | Noticed an obsidian statue
  9134 | D:9      | Reached skill level 9 in Fighting
  9192 | D:9      | Reached * piety under Ashenzari
  9267 | D:9      | Noticed a two-headed ogre
  9273 | D:9      | Noticed a two-headed ogre
  9311 | D:9      | Reached XP level 11. HP: 23/71 MP: 11/11
  9675 | D:9      | Noticed a two-headed ogre
  9691 | D:9      | Slain by a two-headed ogre

Levels and vault maps discovered:
D:1:      saegor_arrival_miasma, layout_rooms
D:2:      layout_loops_ring, minmay_pentomino_p2
D:3:      layout_basic, corexii_shack
D:4:      layout_basic
D:5:      layout_basic, minmay_temple_entry_sparse_star, portal_sewer_entry_b,
          first_ration, uniq_menkaure
D:6:      layout_rooms, serial_shops, shop_fountains, uniq_grinder, uniq_edmund,
          uniq_sigmund
D:7:      layout_rooms, lemuel_crystal_altar, uniq_harold
D:8:      minmay_separated_statues, layout_basic
D:9:      layout_irregular_city, erik_lair_island
Temple:   nicolae_temple_the_god_donut

Skill      XL: |  1  2  3  4  5  6  7  8  9 10 |
---------------+-------------------------------+-----
Armour         | 1 2 3 4 5 7 8 |  8.9
Long Blades    | 3 4 5 6 8 |  8.5
Fighting       | 3 4 5 6 7 9 |  9.2
Dodging        | 3 4 5 6 7 |  7.8
Throwing       | |  1.7

Action                   |  1- 3 |  4- 6 |  7- 9 | 10-12 || total
-------------------------+-------+-------+-------+-------++-------
Melee: Long sword        |   113 |   212 |   476 |    26 ||   827
       Falchion          |       |       |       |   367 ||   367
  Use: Scroll            |       |     1 |     6 |     1 ||     8
       Potion            |       |       |     2 |     4 ||     6
 Stab: Invisible         |       |       |       |     2 ||     2
  Eat: Chunk             |     1 |     9 |     7 |    10 ||    27
       Ration            |       |       |     1 |       ||     1
Armor: Leather armour    |    67 |       |    32 |       ||    99
       Scale mail        |    19 |    84 |       |       ||   103
       Plate armour      |       |    44 |   385 |   338 ||   767
       Skin              |       |       |     3 |     5 ||     8
Dodge: Dodged            |    95 |   128 |   234 |   179 ||   636
       Rpst.: Long sword |    27 |    48 |    67 |     1 ||   143
       Falchion          |       |       |       |    50 ||    50

Table legend:
 A = Non-vault XP
 B = Vault XP
 C = Vault XP percentage of total XP
 D = Non-vault monster count
 E = Vault monster count
 F = Vault count percentage of total count
                 A         B        C        D         E       F
            +---------+---------+-------+---------+---------+-------
      Total |    8356 |    2328 |  21.8 |     218 |      25 |  10.3
            +---------+---------+-------+---------+---------+-------
        D:1 |      53 |       0 |   0.0 |      31 |       0 |   0.0
        D:2 |      45 |       3 |   6.2 |      12 |       2 |  14.3
        D:3 |     249 |       2 |   0.8 |      31 |       1 |   3.1
        D:4 |     205 |       0 |   0.0 |      15 |       0 |   0.0
        D:5 |    1243 |     210 |  14.5 |      22 |       7 |  24.1
        D:6 |     612 |     666 |  52.1 |      19 |       3 |  13.6
        D:7 |    1813 |     950 |  34.4 |      43 |       1 |   2.3
        D:8 |    2155 |       0 |   0.0 |      22 |       0 |   0.0
        D:9 |    1981 |     386 |  16.3 |      23 |       5 |  17.9
      Sewer |       0 |     111 | 100.0 |       0 |       6 | 100.0
            +---------+---------+-------+---------+---------+-------
